 Dungeon Crawl Stone Soup version 0.22-a0-417-g1387785 (webtiles) character file.

355133 tilp the Phalangite (level 22, -9/172 HPs)
             Began as a Merfolk Ice Elementalist on May 13, 2018.
             Was the Champion of Makhleb.
             Mangled by a vault warden
             ... wielding a +0 glaive of freezing
              (11 damage)
             ... on level 4 of the Vaults on May 15, 2018.
             The game lasted 04:36:32 (68933 turns).

tilp the Phalangite (Merfolk Ice Elementalist)     Turns: 68933, Time: 04:36:33

Health: -9/172     AC: 25    Str: 13    XL:     22   Next: 31%
Magic:  36/36      EV: 23    Int: 23    God:    Makhleb [******]
Gold:   1643       SH:  0    Dex: 13    Spells: 10/41 levels left

rFire    . . .     SeeInvis +   a - +9 bardiche (drain)
rCold    . . .     Gourm    .   (shield currently unavailable)
rNeg     . . .     Faith    .   w - +2 robe {MR+}
rPois    +         Spirit   .   G - +1 helmet
rElec    .         Reflect  +   U - +2 cloak {rPois}
rCorr    .         Harm     .   m - +2 pair of gloves
MR       ++...                  Y - +2 pair of boots
Stlth    +.........             P - +4 amulet of reflection
HPRegen  1.38/turn              v - ring of see invisible
MPRegen  0.25/turn              E - +4 ring of strength

@: confused, icy armour, about to teleport, regenerating
A: change form in water, swift swim, stealthy swim, clumsy 1
}: 2/15 runes: serpentine, barnacled
a: Minor Destruction, Lesser Servant of Makhleb, Major Destruction, Greater
Servant of Makhleb, Renounce Religion


You were on level 4 of the Vaults.
You worshipped Makhleb.
Makhleb was exalted by your worship.
You were very hungry.

You visited 8 branches of the dungeon, and saw 37 of its levels.
You also visited: Labyrinth, Ossuary and Ice Cave.

You collected 4059 gold pieces.
You spent 2416 gold pieces at shops.

Inventory:

Hand Weapons
 a - a +9 bardiche of draining (weapon)
Missiles
 N - 28 javelins of returning (quivered)
Armour
 m - a +2 pair of gloves (worn)
 w - a +2 robe of magic resistance (worn)
 G - a +1 helmet (worn)
 I - a +2 robe of resistance
 K - the +3 pair of gloves "Cogesire" {rC- rCorr Str+5}
   (You found it on level 3 of the Lair of Beasts)

   It affects your strength (+5).
   It makes you vulnerable to cold.
   It protects you from acid and corrosion.
 U - a +2 cloak of poison resistance (worn)
 Y - a +2 pair of boots (worn)
Jewellery
 b - an uncursed ring of ice
 d - an uncursed ring of positive energy
 i - an uncursed ring of resist corrosion
 v - a ring of see invisible (left hand)
 E - a +4 ring of strength (right hand)
 P - a +4 amulet of reflection (around neck)
 Q - an uncursed ring of fire
 R - an uncursed ring of flight
Wands
 e - a wand of disintegration (24)
 j - a wand of digging (24)
 k - a wand of acid (40)
 p - a wand of clouds (17)
 z - a wand of iceblast (21)
 O - a wand of paralysis (33)
 S - a wand of scattershot (12)
Scrolls
 f - a scroll of silence
 h - 5 scrolls of amnesia
 n - 6 scrolls of fear
 o - 11 scrolls of identify
 q - 16 scrolls of teleportation
 s - 2 scrolls of fog
 y - a scroll of summoning
 F - 5 scrolls of magic mapping
 H - 12 scrolls of remove curse
 J - 6 scrolls of blinking
 W - 2 scrolls of holy word
Potions
 g - 12 potions of might
 r - 6 potions of mutation
 u - 4 potions of cancellation
 B - a potion of haste
 C - 17 potions of curing
 D - 2 potions of magic
 L - 2 potions of brilliance
 M - 2 potions of resistance
 T - 3 potions of invisibility
 Z - a potion of agility
Miscellaneous
 A - 2 sacks of spiders
 V - a lamp of fire
Comestibles
 c - 57 rations
 t - 16 chunks of flesh


   Skills:
 - Level 14.0 Fighting
 + Level 24.7 Polearms
 - Level 18.0 Dodging
 - Level 2.1 Stealth
 - Level 10.0 Spellcasting
 - Level 6.0 Conjurations
 - Level 12.0 Charms
 - Level 22.0 Ice Magic
 - Level 6.0 Air Magic
 - Level 6.0 Invocations
 - Level 4.3 Evocations


You had 10 spell levels left.
You knew the following spells:

 Your Spells              Type           Power        Failure   Level  Hunger
a - Freeze                Ice            ####         0%          1    None
b - Throw Frost           Conj/Ice       ######       1%          2    None
c - Ozocubu's Armour      Chrm/Ice       ######..     0%          3    None
d - Throw Icicle          Conj/Ice       ######..     1%          4    #......
e - Regeneration          Chrm/Necr      #####.....   1%          3    None
f - Spectral Weapon       Hex/Chrm       #####...     1%          3    None
g - Summon Ice Beast      Ice/Summ       ######..     1%          4    #......
h - Blink                 Tloc           N/A          9%          2    None
i - Conjure Flame         Conj/Fire      ####....     4%          3    None
j - Freezing Cloud        Conj/Ice/Air   ######....   9%          6    ######.

Your spell library contained the following spells:

 Spells                   Type           Power        Failure   Level  Hunger
 Magic Dart               Conj           ####         1%          1    None
 Lightning Bolt           Conj/Air       #####.....   13%         5    ####...
 Slow                     Hex            ##......     9%          2    None
 Confuse                  Hex            ##......     17%         3    None
 Invisibility             Hex            ##......     100%        6    ######.
 Controlled Blink         Tloc           N/A          100%        8    #######
 Mephitic Cloud           Conj/Pois/Air  ####....     3%          3    None
 Venom Bolt               Conj/Pois      ####......   41%         5    ####...
 Olgreb's Toxic Radiance  Pois           ##......     50%         4    #......
 Animate Dead             Necr           N/A          50%         4    #......
 Call Imp                 Summ           ##......     9%          2    None
 Sting                    Conj/Pois      ####         1%          1    None
 Corpse Rot               Necr           N/A          9%          2    None
 Stone Arrow              Conj/Erth      ####..       4%          3    None
 Shock                    Conj/Air       ####         1%          1    None
 Swiftness                Chrm/Air       ######..     1%          2    None
 Recall                   Summ/Tloc      N/A          17%         3    None
 Death Channel            Necr           ##........   100%        6    ######.
 Confusing Touch          Hex            ##....       5%          1    None
 Passwall                 Tmut/Erth      ##........   9%          2    None
 Metabolic Englaciation   Hex/Ice        ######....   1%          5    ####...
 Shatter                  Erth           ##........   100%        9    #######
 Dispersal                Tloc           ##........   100%        6    ######.
 Static Discharge         Conj/Air       #####...     1%          3    None
 Lee's Rapid Deconstruct  Erth           ##........   83%         5    ####...
 Simulacrum               Ice/Necr       ######....   10%         6    ######.
 Conjure Ball Lightning   Conj/Air       #####.....   58%         6    ######.
 Portal Projectile        Hex/Tloc       ##....       17%         3    None
 Petrify                  Tmut/Erth      ##......     50%         4    #......
 Passage of Golubria      Tloc           N/A          50%         4    #......
 Tornado                  Air            #####.....   100%        9    #######
 Leda's Liquefaction      Hex/Erth       ##........   50%         4    #......
 Summon Hydra             Summ           ##........   100%        7    #######
 Darkness                 Hex            ##........   100%        6    ######.
 Shroud of Golubria       Chrm/Tloc      #####.....   1%          2    None
 Disjunction              Tloc           ##........   100%        8    #######
 Force Lance              Conj/Tloc      ####....     16%         4    #......
 Infusion                 Chrm           ####         1%          1    None
 Song of Slaying          Chrm           ######..     1%          2    None
 Summon Forest            Summ/Tloc      ##........   83%         5    ####...
 Summon Lightning Spire   Summ/Air       ####....     16%         4    #......
 Hydra Form               Tmut           ##........   100%        6    ######.
 Gell's Gravitas          Tloc           ##........   17%         3    None
 Yara's Violent Unravell  Hex/Tmut       ##........   83%         5    ####...
 Poisonous Vapours        Pois/Air       ####..       2%          2    None
 Ignition                 Fire           ##........   100%        8    #######
 Borgnjor's Vile Clutch   Necr/Erth      ##........   83%         5    ####...


Dungeon Overview and Level Annotations

Branches:
Dungeon (15/15)            Temple (1/1) D:4            Lair (6/6) D:9
 Shoals (4/4) Lair:2        Snake (4/4) Lair:2        Slime (0/5) Lair:5
    Orc (2/2) D:12            Elf (1/3) Orc:2        Vaults (4/5) D:13
  Crypt (0/3) Vaults:2     Depths (0/5) D:15

Altars:
Ashenzari
Cheibriados
Dithmenos
Elyvilon
Fedhas
Gozag
Hepliaklqana
Kikubaaqudgha
Makhleb
Nemelex Xobeh
Okawaru
Qazlal
Ru
Sif Muna
Trog
Uskayaw
Vehumet
Wu Jian
Xom
Yredelemnul
Zin
The Shining One
Beogh
Jiyva

Shops:
D:11 *   D:15 [%%}   Orc:2 *?}*(   Snake:3 }=}   Vaults:2 (

Annotations:
Shoals:4 Donald
Vaults:4 Mara


Innate Abilities, Weirdness & Mutations

You revert to your normal form in water.
You are very nimble and swift while swimming.
You are very stealthy in the water. (Stealth+)
You are clumsy. (Dex -2)


Message History

Unknown command.
The vault warden completely misses you.
The vault warden shoots a bolt.
The bolt hits you!!
* * * LOW HITPOINT WARNING * * *
Unknown command.
You feel less invigorated.
You feel less confused. The vault warden misses you.
Okay, then.
As you read the scroll of teleportation, it crumbles to dust.
You feel strangely unstable.
The vault warden shoots a bolt.
The bolt completely misses you.
Unknown command.
You are confused.
You feel invigorated.
The orc no longer looks unusually strong.
The vault warden hits you from afar with a glaive of freezing!!
* * * LOW HITPOINT WARNING * * *
The vault warden freezes you!
You die...

...# #########... ##)..## ######
#!....# #..... # ####+####o######
#..... ##### #........po....#
#..... ....# #..............#
#..... .#..# #.........p....#
#..... ....# #.........(....#
#..... #######.........@....#
#..... (#((.##..............#
#...(. ))(((##..........(...#
#()((.
##############+#############(####
............................).#
...........................(..#
...........).........(........#
..........................(...#
..........................(...#


You could see 2 vault wardens, an orc sorcerer and an orc.

Vanquished Creatures
  Saint Roka (Vaults:4)
  Rupert (Lair:3)
  An Ice Fiend (IceCv)
  A tentacled monstrosity (Vaults:3)
  A sphinx (Vaults:2)
  Agnes (D:14)
  11 nagarajas
  Ilsuiw (Shoals:4)
  4 vault wardens
  A fire giant (Vaults:4)
  13 ironheart preservers
  An entropy weaver (Vaults:1)
  7 stone giants
  Nessos (D:14)
  3 deep elf annihilators
  2 dire elephants (Lair:6)
  4 merfolk javelineers
  A spark wasp (shapeshifter) (Vaults:1)
  Snorg (Lair:6)
  A deep elf death mage (Vaults:3)
  An ettin (Orc:1)
  Josephine (D:12)
  2 fire dragons
  11 yaktaur captains
  A great orb of eyes (Vaults:1)
  13 merfolk impalers
  A rakshasa (D:15)
  13 naga warriors
  7 hydras
  4 alligator snapping turtles (Shoals:4)
  10 vault guards
  An ice dragon (Vaults:2)
  10 centaur warriors
  4 death knights
  4 merfolk avatars
  9 merfolk aquamancers
  13 ogre magi
  2 catoblepae (Lair:6)
  A two-headed ogre (shapeshifter) (Vaults:3)
  A deep troll shaman (Vaults:3)
  6 dancing weapons (Elf:1)
  2 satyrs
  9 anacondas
  35 two-headed ogres
  8 naga sharpshooters
  2 orc high priests
  Urug (Orc:1)
  A storm dragon zombie (Vaults:3)
  Sonja (D:14)
  4 shock serpents
  11 deep elf knights
  3 salamander mystics
  A shadow wraith (Vaults:2)
  3 unseen horrors
  A glowing orange brain (D:15)
  A swamp dragon (shapeshifter) (D:15)
  3 deep trolls (Vaults:3)
  A flayed ghost (Vaults:3)
  28 sea snakes
  3 naga ritualists
  18 skeletal warriors
  A swamp dragon (Lair:6)
  13 deep elf archers
  A lindwurm (Lair:6)
  7 ironbrand convokers
  21 harpies
  8 mana vipers
  A sphinx zombie (Vaults:3)
  3 wolf spiders
  14 orc knights
  4 necromancers
  A mana viper (shapeshifter) (D:13)
  4 human zombies
  41 deep elf magi
  8 orc sorcerers
  16 manticores
  9 cyclopes
  7 fauns
  A sphinx skeleton (Vaults:4)
  23 salamanders
  21 slime creatures
  44 ugly things
  A water nymph (shapeshifter) (Vaults:1)
  22 naga magi
  26 black mambas
  Joseph (D:8)
  4 water nymphs
  9 merfolk sirens
  9 guardian serpents
  3 ice statues
  10 vault sentinels
  A guardian serpent (shapeshifter) (Vaults:3)
  A spiny frog (shapeshifter) (D:14)
  15 spiny frogs
  2 komodo dragons (shapeshifter)
  A kobold demonologist (D:13)
  9 rime drakes
  7 komodo dragons
  29 yaktaurs
  2 efreet (D:14)
  4 anaconda simulacra (IceCv)
  4 freezing wraiths
  2 golden dragon simulacra (IceCv)
  12 ice devils (IceCv)
  A meliai (D:13)
  5 hornets
  A troll (shapeshifter) (D:15)
  A jumping spider (Vaults:1)
  2 polar bears
  4 wind drakes
  7 trolls
  33 merfolk
  A queen bee (shapeshifter) (D:15)
  A jumping spider (shapeshifter) (Vaults:4)
  A sphinx simulacrum (Vaults:2)
  A wolf spider simulacrum (D:14)
  21 blink frogs
  An ettin zombie (Vaults:4)
  16 hippogriffs
  14 snapping turtles
  A meliai zombie (D:13)
  A shadow (D:13)
  Sigmund (D:2)
  A tarantella (shapeshifter) (Vaults:2)
  2 air elementals (Elf:1)
  2 yaks (shapeshifter)
  6 water elementals
  4 wyverns
  A wyvern (shapeshifter) (Vaults:1)
  53 yaks
  A fire bat (shapeshifter) (D:15)
  A golden eye (shapeshifter) (Vaults:3)
  4 basilisks
  A basilisk (shapeshifter) (Elf:1)
  5 steam dragons
  5 hungry ghosts
  6 wraiths
  4 vampire mosquitoes (D:12)
  A harpy simulacrum (IceCv)
  12 wargs
  A deep troll zombie (Vaults:2)
  44 nagas
  Edmund (D:5)
  An acid dragon (D:14)
  An iron troll simulacrum (IceCv)
  13 water moccasins
  7 ice beasts
  9 porcupines
  3 swamp drakes
  58 orc warriors
  The ghost of galech the Skirmisher, an amateur GnWn (D:3)
  11 sky beasts
  2 black bears
  6 phantoms
  5 boggarts (Vaults:3)
  40 ogres
  17 wolves
  2 ettin simulacra (IceCv)
  2 human skeletons (Vaults:2)
  27 centaurs
  An elf skeleton (Vaults:2)
  13 crocodiles
  A big kobold (D:11)
  A gnoll sergeant (D:3)
  22 bullfrogs
  4 earth elementals (Elf:1)
  A glowing shapeshifter simulacrum (Vaults:2)
  A wyvern skeleton (D:14)
  5 scorpions
  3 human simulacra
  12 killer bees
  3 troll skeletons (Lab)
  10 wights
  8 howler monkeys
  A spriggan skeleton (Lab)
  10 electric eels
  3 centaur zombies
  A bullfrog zombie (D:6)
  12 crimson imps
  2 quasits
  7 hounds
  26 orc priests
  7 jellies
  4 gnoll shamans
  3 bullfrog skeletons
  4 centaur skeletons
  A hell rat (D:9)
  11 iguanas
  Ijyb (D:3)
  17 worker ants
  32 orc wizards
  A big kobold zombie (Ossuary)
  A hound skeleton (D:4)
  2 worker ant zombies
  8 mummies (Ossuary)
  47 gnolls
  A howler monkey skeleton (D:8)
  16 adders
  6 shadow imps
  6 oozes
  An adder skeleton (D:3)
  3 worms
  5 dart slugs
  6 leopard geckos
  138 orcs
  10 giant cockroaches
  8 goblins
  8 hobgoblins
  28 jackals
  8 quokkas
  12 bats
  3 frilled lizards
  A gnoll zombie (Ossuary)
  2 hobgoblin zombies (Ossuary)
  A jackal zombie (D:7)
  7 kobolds
  3 kobold zombies (Ossuary)
  A leopard gecko skeleton (D:4)
  An orc zombie (Ossuary)
  14 rats
  2 plants
1780 creatures vanquished.

Vanquished Creatures (collateral kills)
  A minotaur (Lab)
  3 death yaks
  An ugly thing (D:11)
  A naga mage (Snake:4)
  A hippogriff (D:9)
  A shadow (Lab)
  2 basilisks (Lab)
  2 hungry ghosts (Lab)
  4 yaks
  A wolf (Lair:3)
17 creatures vanquished.

Vanquished Creatures (others)
  A rakshasa (Vaults:2)
  An ogre mage (D:13)
  A faun (Shoals:3)
  A deep elf mage (Vaults:1)
  A cyclops (Vaults:1)
  A yaktaur (Vaults:3)
  A rime drake (Lair:6)
  A slime creature (Vaults:1)
  A fire elemental (Elf:1)
  3 orc warriors
  An ice beast (D:5)
  A bullfrog (D:14)
  4 fungi
  9 plants
  75 spectral weapons
  5 tentacles (Shoals:3)
107 creatures vanquished.

Grand Total: 1904 creatures vanquished

Notes
Turn   | Place    | Note
-------+----------+-------------------------------------------
     0 | D:1      | tilp the Merfolk Ice Elementalist began the quest for the Orb.
     0 | D:1      | Reached XP level 1. HP: 13/13 MP: 3/3
    94 | D:1      | Reached XP level 2. HP: 12/19 MP: 3/5
   429 | D:1      | Found a sparkling altar of Nemelex Xobeh.
   456 | D:1      | Learned a level 2 spell: Throw Frost
   912 | D:1      | Reached XP level 3. HP: 24/24 MP: 4/6
   917 | D:1      | Learned a level 3 spell: Ozocubu's Armour
  1268 | D:2      | Reached skill level 5 in Ice Magic
  1551 | D:2      | Noticed Sigmund
  1784 | D:2      | Reached XP level 4. HP: 30/30 MP: 4/7
  1896 | D:2      | Found a white marble altar of Elyvilon.
  2551 | D:2      | Reached XP level 5. HP: 22/35 MP: 3/8
  3725 | D:3      | Noticed Ijyb
  3756 | D:3      | Killed Ijyb
  3756 | D:3      | Reached XP level 6. HP: 36/41 MP: 0/9
  3915 | D:3      | Reached skill level 1 in Fighting
  3952 | D:3      | Noticed a phantom
  5207 | D:3      | Reached XP level 7. HP: 54/54 MP: 1/10
  5788 | D:3      | Reached skill level 5 in Dodging
  6071 | D:3      | Reached skill level 1 in Polearms
  6133 | D:3      | Reached skill level 2 in Polearms
  6202 | D:3      | Noticed galech's ghost (amateur GnWn)
  6220 | D:3      | Killed galech's ghost
  6220 | D:3      | Reached skill level 3 in Polearms
  6220 | D:3      | Reached XP level 8. HP: 39/60 MP: 0/11
  6344 | D:3      | Reached skill level 4 in Polearms
  6368 | D:3      | Found a white marble altar of Elyvilon.
  6791 | D:4      | Reached skill level 5 in Polearms
  6799 | D:4      | Reached skill level 6 in Polearms
  7110 | D:4      | Found a staircase to the Ecumenical Temple.
  7124 | D:4      | Reached skill level 7 in Polearms
  7126 | Temple   | Entered the Ecumenical Temple
  7222 | Temple   | Became a worshipper of Makhleb the Destroyer
  7859 | D:5      | Entered Level 5 of the Dungeon
  7859 | D:5      | Noticed Edmund
  7948 | D:5      | Reached skill level 8 in Polearms
  8110 | D:5      | Found a sand-covered staircase.
  8120 | Ossuary  | Entered an ossuary
  8368 | Ossuary  | Reached skill level 9 in Polearms
  8380 | Ossuary  | Reached * piety under Makhleb
  9213 | D:5      | Killed Edmund
  9213 | D:5      | Reached skill level 10 in Polearms
  9213 | D:5      | Reached XP level 9. HP: 65/65 MP: 0/12
  9819 | D:6      | Reached skill level 11 in Polearms
 10020 | D:6      | Found a radiant altar of Vehumet.
 10316 | D:6      | Reached skill level 12 in Polearms
 10770 | D:6      | Reached ** piety under Makhleb
 11042 | D:6      | Reached skill level 13 in Polearms
 11608 | D:6      | Reached skill level 14 in Polearms
 12100 | D:7      | Reached XP level 10. HP: 72/72 MP: 5/13
 12299 | D:7      | HP: 2/72 [orc warrior/short sword (8)]
 12300 | D:7      | Reached skill level 5 in Invocations
 12304 | D:7      | HP: 2/72 [orc priest/divine providence (14)]
 13307 | D:7      | Got an ichor-stained dagger
 13449 | D:7      | Reached skill level 5 in Fighting
 13792 | D:7      | Identified the +2 dagger "Ocyerer" {drain, rF- MR+ Int+3} (You found it on level 7 of the Dungeon)
 13804 | D:8      | Reached *** piety under Makhleb
 14056 | D:8      | Noticed Joseph
 14088 | D:8      | Killed Joseph
 14275 | D:8      | Found a bloodstained altar of Trog.
 14286 | D:8      | Found an ancient bone altar of Kikubaaqudgha.
 14394 | D:8      | Noticed a two-headed ogre
 15548 | D:9      | Noticed a death yak
 16132 | D:9      | Reached **** piety under Makhleb
 16334 | D:9      | Noticed a death yak
 16334 | D:9      | Noticed a death yak
 16401 | D:9      | Killed a death yak
 16701 | D:9      | Killed a death yak
 16701 | D:9      | Reached XP level 11. HP: 71/86 MP: 15/15
 16976 | D:8      | Killed a death yak
 16976 | D:8      | Reached skill level 10 in Dodging
 17530 | D:9      | Found a staircase to the Lair.
 17865 | D:10     | Entered Level 10 of the Dungeon
 17906 | D:10     | Noticed a deep elf mage
 18052 | D:9      | Killed a deep elf mage
 19723 | D:11     | Noticed a two-headed ogre
 19792 | D:11     | Noticed a red ugly thing
 19794 | D:11     | Noticed a brown ugly thing
 19982 | D:11     | Reached skill level 10 in Ice Magic
 20032 | D:11     | Killed a two-headed ogre
 20087 | D:11     | Found a labyrinth entrance.
 20094 | Lab      | Entered a labyrinth
 20195 | Lab      | Learned a level 3 spell: Regeneration
 20199 | Lab      | Learned a level 3 spell: Spectral Weapon
 20235 | Lab      | Reached skill level 15 in Polearms
 20578 | Lab      | Noticed a minotaur
 20604 | Lab      | Killed a minotaur
 20604 | Lab      | Reached XP level 12. HP: 54/92 MP: 13/16
 20612 | Lab      | Got a steaming war axe
 20614 | Lab      | Identified the +8 war axe of Redwis {flame, rN+ Int+4 Dex+6} (You found it in a labyrinth)
 20840 | D:11     | Found Ysuess's General Store.
 20871 | D:11     | Reached skill level 16 in Polearms
 21121 | D:11     | Noticed Josephine
 21757 | Lair:1   | Entered Level 1 of the Lair of Beasts
 21963 | Lair:1   | Got a blackened trident
 21964 | Lair:1   | Identified the +5 trident "Xeneq" {flame, *Slow MP+9 Str+10} (You found it on level 1 of the Lair of Beasts)
 22023 | Lair:1   | Noticed a four-headed hydra
 22338 | Lair:1   | Reached skill level 5 in Spellcasting
 22556 | Lair:1   | Reached skill level 1 in Charms
 22923 | Lair:2   | Killed a four-headed hydra
 22970 | Lair:2   | Found a staircase to the Snake Pit.
 22988 | Lair:2   | Reached skill level 1 in Conjurations
 23087 | Lair:2   | Reached skill level 1 in Evocations
 23199 | Lair:2   | Learned a level 4 spell: Throw Icicle
 23245 | Lair:2   | Noticed a six-headed hydra
 23283 | Lair:2   | Killed a six-headed hydra
 23309 | Lair:2   | Found a staircase to the Shoals.
 23469 | Lair:2   | Reached ***** piety under Makhleb
 23567 | Lair:2   | Reached XP level 13. HP: 98/98 MP: 22/22
 23709 | Lair:2   | Reached skill level 5 in Charms
 23972 | Lair:3   | Noticed Rupert
 23998 | Lair:3   | Killed Rupert
 24174 | Lair:3   | Got a pair of heavily runed gloves
 24191 | Lair:3   | Identified the +3 pair of gloves "Cogesire" {rC- rCorr Str+5} (You found it on level 3 of the Lair of Beasts)
 24899 | Lair:4   | Learned a level 4 spell: Summon Ice Beast
 25646 | Lair:4   | Found an ornate altar of the Wu Jian Council.
 26088 | Lair:5   | Found a staircase to the Slime Pits.
 26089 | Lair:5   | Found a viscous altar of Jiyva.
 26504 | Lair:6   | Entered Level 6 of the Lair of Beasts
 26826 | Lair:6   | Reached XP level 14. HP: 106/106 MP: 22/23
 27497 | Lair:6   | Noticed Snorg
 27506 | Lair:6   | Killed Snorg
 27785 | Lair:6   | Got a twisted great mace
 27886 | Lair:6   | Noticed a dire elephant
 27901 | Lair:6   | Killed a dire elephant
 27933 | Lair:6   | Reached skill level 10 in Fighting
 28125 | Lair:6   | Noticed a dire elephant
 28137 | Lair:6   | Killed a dire elephant
 28272 | Lair:6   | Identified the +0 great mace "Pon Ryumauru" {antimagic, rElec} (You found it on level 6 of the Lair of Beasts)
 28680 | D:2      | Killed Sigmund
 29915 | D:12     | Reached ****** piety under Makhleb
 30790 | D:12     | Killed Josephine
 30813 | D:12     | Reached skill level 15 in Ice Magic
 31097 | D:12     | Reached XP level 15. HP: 115/115 MP: 24/24
 31107 | D:12     | Found a staircase to the Orcish Mines.
 31173 | D:12     | Learned a level 2 spell: Blink
 31177 | D:12     | Learned a level 3 spell: Conjure Flame
 31626 | Orc:1    | Entered Level 1 of the Orcish Mines
 31674 | Orc:1    | Found a transporter.
 31915 | Orc:2    | Entered Level 2 of the Orcish Mines
 32883 | Orc:1    | Noticed Urug
 32899 | Orc:1    | Killed Urug
 33756 | Orc:2    | Found Budazug's Assorted Antiques.
 33756 | Orc:2    | Found Damp's Gadget Emporium.
 33758 | Orc:2    | Found Wuwyhal's Magic Scroll Shoppe.
 33760 | Orc:2    | Found Yczegun's Antique Weapon Boutique.
 34055 | Orc:2    | Found a staircase to the Elven Halls.
 34213 | Orc:2    | Found Xuhuovor's General Store.
 34291 | Orc:2    | Bought a scroll of identify for 34 gold pieces
 34296 | Orc:2    | Bought a scroll of identify for 58 gold pieces
 34296 | Orc:2    | Bought a scroll of identify for 58 gold pieces
 34299 | Orc:2    | Bought a scroll of blinking for 127 gold pieces
 34302 | Orc:2    | Bought a metal-bound book for 435 gold pieces
 34303 | Orc:2    | Bought a lamp of fire for 680 gold pieces
 35055 | D:13     | Found a gate to the Vaults.
 36267 | D:13     | Upgraded the game from 0.22-a0-414-gacd343e to 0.22-a0-417-g1387785
 36621 | D:14     | Reached XP level 16. HP: 122/122 MP: 27/27
 36817 | D:14     | Noticed Sonja
 36822 | D:14     | Killed Sonja
 36934 | D:14     | Noticed Agnes
 36937 | D:14     | Noticed Nessos
 36954 | D:14     | Killed Agnes
 36963 | D:14     | Killed Nessos
 37565 | D:15     | Entered Level 15 of the Dungeon
 37783 | D:15     | Found Heuxoada's Food Shoppe.
 38133 | D:15     | Found Iskois's Armour Emporium.
 38464 | D:15     | Found Carghuc's Gadget Shop.
 39024 | D:15     | Found a staircase to the Depths.
 39271 | D:15     | Found Menioqoo's Food Shop.
 39563 | D:13     | Reached skill level 15 in Dodging
 39805 | Snake:1  | Entered Level 1 of the Snake Pit
 39852 | Snake:1  | Found a frozen archway.
 39906 | IceCv    | Entered an ice cave
 40401 | IceCv    | Reached XP level 17. HP: 104/133 MP: 29/29
 40603 | IceCv    | Noticed an Ice Fiend
 40616 | IceCv    | Killed an Ice Fiend
 42571 | Snake:2  | Found an iron altar of Okawaru.
 44278 | Snake:3  | Found an ancient bone altar of Kikubaaqudgha.
 44921 | Snake:3  | Found Beutt's Gadget Boutique.
 44921 | Snake:3  | Found Gugeal's Jewellery Shoppe.
 44922 | Snake:3  | Found Cegrub's Gadget Boutique.
 46395 | Snake:4  | Entered Level 4 of the Snake Pit
 47110 | Snake:4  | Reached XP level 18. HP: 143/143 MP: 30/30
 50301 | Snake:4  | Got a serpentine rune of Zot
 50504 | Shoals:1 | Entered Level 1 of the Shoals
 50606 | Shoals:1 | Reached skill level 10 in Spellcasting
 51582 | Shoals:1 | Reached XP level 19. HP: 131/152 MP: 29/33
 51746 | Shoals:1 | Reached skill level 10 in Charms
 55566 | Shoals:4 | Entered Level 4 of the Shoals
 55706 | Shoals:4 | Reached skill level 5 in Conjurations
 56339 | Shoals:4 | Noticed Ilsuiw
 56689 | Shoals:4 | Killed Ilsuiw
 56987 | Shoals:4 | Noticed Donald
 58326 | Shoals:4 | Got a barnacled rune of Zot
 58954 | Orc:1    | Found a roughly hewn altar of Beogh.
 59061 | Orc:1    | Identified the Handbook of Flight
 59070 | Orc:1    | Learned a level 6 spell: Freezing Cloud
 59103 | Orc:1    | Found a transporter.
 59260 | Elf:1    | Entered Level 1 of the Elven Halls
 59279 | Elf:1    | Reached XP level 20. HP: 154/159 MP: 28/34
 60858 | Elf:1    | Reached skill level 1 in Air Magic
 61558 | Vaults:1 | Entered Level 1 of the Vaults
 61908 | Vaults:1 | Reached skill level 5 in Air Magic
 62017 | Vaults:1 | Reached skill level 17 in Polearms
 62243 | Orc:2    | Bought 2 scrolls of brand weapon for 680 gold pieces
 62243 | Orc:2    | Bought a scroll of enchant weapon for 127 gold pieces
 62258 | Orc:2    | Bought a scroll of enchant weapon for 217 gold pieces
 62851 | Vaults:1 | Reached skill level 18 in Polearms
 63003 | Vaults:1 | Gained mutation: You are clumsy. (Dex -2) [mutagenic glow]
 63725 | Vaults:2 | Reached XP level 21. HP: 94/165 MP: 23/35
 63732 | Vaults:2 | Reached skill level 19 in Polearms
 63972 | Vaults:2 | Found a staircase to the Crypt.
 63972 | Vaults:2 | Found an ancient bone altar of Kikubaaqudgha.
 64022 | Vaults:2 | Found a basalt altar of Yredelemnul.
 64402 | Vaults:2 | Reached skill level 20 in Polearms
 65144 | Vaults:2 | Reached skill level 21 in Polearms
 65151 | Vaults:2 | Found Ruapte's Weapon Emporium.
 65197 | Vaults:2 | Found a hazy altar of Hepliaklqana.
 65967 | Vaults:3 | Reached skill level 22 in Polearms
 67063 | Vaults:3 | Reached skill level 23 in Polearms
 67804 | Vaults:4 | Noticed Saint Roka
 67822 | Vaults:4 | Killed Saint Roka
 67822 | Vaults:4 | Reached XP level 22. HP: 122/172 MP: 19/36
 68156 | Vaults:4 | Reached skill level 24 in Polearms
 68459 | Vaults:4 | Noticed Mara
 68933 | Vaults:4 | HP: 2/172 [vault warden/glaive of freezing (26)]
 68933 | Vaults:4 | Mangled by a vault warden

Vault maps used:
D:1:      minmay_arrival_plants_in_alcoves, nemelex_diamond_rough_becter
D:2:      lemuel_doored_altar, uniq_sigmund
D:3:      lemuel_castle_with_subvaults, first_ration, elyvilon_altar_3,
          uniq_ijyb
D:4:      minmay_temple_entry_junction
D:5:      nicolae_ossuary_entry_ruins, uniq_edmund
D:6:      cheibrodos_two_vegetables, kennysheep_mini, minmay_joined_circles
D:8:      grunt_temple_overflow_open, uniq_joseph
D:9:      dpeg_lair_monsters
D:10:     hangedman_little_slice_of_home
D:11:     lab_entry_generic, serial_shops, shop, uniq_josephine
D:12:     erik_orc_1
D:13:     minmay_the_grid_net, erik_vaults_2, minmay_misc_feat_secret_circle,
          serial_bayou_pond_a
D:14:     uniq_nessos, uniq_sonja, uniq_agnes
D:15:     gammafunk_enter_depths_forms, serial_shops, nicolae_shop_statue_plus,
          nicolae_shop_trees, shop, shop, nicolae_two_hexagons,
          minmay_fountain_box, serial_bayou_lake_a
Temple:   compressed_dpeg_circular_temple
Lair:1:   grunt_megastairs_3
Lair:2:   minmay_shoals_entry_centaurs, guppyfry_snake_entry_garden,
          infiniplex_staircase_pool, grunt_megastairs_2
Lair:3:   grunt_megastairs_5, uniq_rupert
Lair:4:   basic_altar, minivault_26
Lair:5:   slime_altar_1, serial_bayou_shore_b
Lair:6:   guppyfry_lair_end_dragon, hangedman_lair_in_review, uniq_snorg
Shoals:1: nicolae_shoals_aquamancer_cove
Shoals:2: nicolae_shoals_drake_roost
Shoals:4: shoals_end_simple, shoal_ilsuiw, uniq_donald
Snake:1:  portal_ice_cave_entry_ice_statue_one, grunt_ministairs_15
Snake:2:  basic_altar
Snake:3:  basic_altar, st_stairs_8, serial_bayou_shore_a, grunt_megastairs_1,
          minmay_shop_grove
Snake:4:  grunt_snake_rune_pools
Orc:1:    gammafunk_beogh_shrine, uniq_urug
Orc:2:    st_orc_rangers, serial_shops, nicolae_shop_stone
Elf:1:    minmay_elf_arrival_plus, hangedman_elven_crosses_minicolossus
Vaults:1: ontoclasm_vaults_spin, hangedman_vaults_nodes,
          nicolae_vaults_angled_halls, vaults_mumra_lcd, v_alt_pattern_5,
          ontoclasm_vaults_twist, v_misc_10, vaults_mumra_chevron, v_pattern_2,
          vaults_room_fours
Vaults:2: hangedman_vaults_stagger, hangedman_vaults_snaps,
          nicolae_vaults_little_squares_5, ontoclasm_vaults_fault,
          vaults_room_octagon, nicolae_vaults_little_squares_6,
          vaults_room_grunt_arrival_ludios, minmay_crypt_entry_necro_gods,
          v_misc_14, nicolae_vaults_angled_halls, ontoclasm_vaults_pinch,
          nicolae_vaults_circle_grid_b, v_misc_23, v_misc_22, vaults_dpeg_ring,
          serial_shops, shop, basic_altar
Vaults:3: grunt_vaults_focal, nicolae_vaults_octagons, vaults_room_grid,
          v_alt_pattern_1, hangedman_vaults_stretched_pinwheel,
          nicolae_vaults_little_squares_4
Vaults:4: grunt_vaults_diagonal, v_misc_10, hangedman_vaults_maws,
          nicolae_vaults_border_crossing, nicolae_vaults_diagonal_hallway_7,
          nicolae_vaults_branching_niches, ontoclasm_vaults_shuriken,
          nicolae_vaults_theta, ontoclasm_vaults_eye,
          nicolae_vaults_sealed_display, nicolae_vaults_three_branches,
          uniq_xtahua, uniq_saint_roka, uniq_mara
Lab:      nicolae_lab_t_cross, nicolae_lab_hexagon, nicolae_lab_blocks,
          lab_statue, nicolae_lab_do_over, nicolae_lab_dead_end,
          nicolae_lab_garden, labyrinth_glass_1, nicolae_lab_swirl,
          nicolae_lab_grate_2, labyrinth_fake_exit, labyrinth_lava_lair,
          nicolae_lab_starburst, lab_hedge, nicolae_lab_x
Ossuary:  ossuary_tomb_3
IceCv:    ice_cave_tombish

Skill      XL: |  1  2  3  4  5  6  7  8  9 10 11 12 13 14 15 16 17 18 19 20 21 22 |
---------------+-------------------------------------------------------------------+-----
Ice Magic      | 4 5 6 7 10 14 15 18 20 21 22 | 22.0
Fighting       | 4 8 10 12 13 14 | 14.0
Dodging        | 6 8 10 14 15 16 18 | 18.0
Polearms       | 3 10 14 15 16 18 23 24 | 24.7
Invocations    | 3 6 |  6.0
Spellcasting   | 6 7 8 10 | 10.0
Charms         | 4 6 8 9 12 | 12.0
Conjurations   | 2 4 6 |  6.0
Evocations     | 4 |  4.3
Air Magic      | 6 |  6.0
Stealth        | |  2.1

Action                   |  1- 3 |  4- 6 |  7- 9 | 10-12 | 13-15 | 16-18 | 19-21 | 22-24 || total
-------------------------+-------+-------+-------+-------+-------+-------+-------+-------++-------
Melee: Whip              |    79 |    84 |   407 |       |       |       |       |       ||   570
       Unarmed           |     2 |       |       |       |       |       |       |       ||     2
       Trident           |       |       |    27 |   992 |  1467 |  1756 |       |       ||  4242
       War axe           |       |       |       |    47 |       |       |       |       ||    47
       Tailslap          |       |       |       |       |     7 |     3 |     9 |       ||    19
       Demon trident     |       |       |       |       |       |    28 |  1286 |       ||  1314
       Bardiche          |       |       |       |       |       |       |   728 |   160 ||   888
Throw: Tomahawk          |       |     1 |     5 |     5 |       |       |       |       ||    11
       Javelin           |       |       |       |     1 |     7 |     5 |     5 |       ||    18
 Cast: Freeze            |    27 |   117 |   165 |   211 |    16 |       |       |       ||   536
       Throw Frost       |     4 |    15 |    20 |    28 |    10 |     1 |     3 |       ||    81
       Ozocubu's Armour  |     1 |    15 |    33 |    67 |    96 |   143 |   146 |    11 ||   512
       Spectral Weapon   |       |       |       |     6 |    55 |   107 |   116 |     7 ||   291
       Throw Icicle      |       |       |       |     3 |    71 |    66 |   102 |     3 ||   245
       Regeneration      |       |       |       |     2 |    30 |    31 |    34 |     3 ||   100
       Summon Ice Beast  |       |       |       |       |     3 |     6 |     6 |       ||    15
       Blink             |       |       |       |       |       |     1 |       |     1 ||     2
       Freezing Cloud    |       |       |       |       |       |       |     8 |     1 ||     9
Invok: Lesser Servant of |       |       |       |    22 |     4 |     1 |       |       ||    27
Evoke: Wand              |       |       |     1 |     2 |       |     3 |       |       ||     6
       Lamp of fire      |       |       |       |       |       |     2 |       |       ||     2
  Use: Scroll            |     4 |     1 |     6 |    17 |    11 |     7 |    21 |     5 ||    72
       Potion            |       |     1 |     2 |     8 |     1 |     4 |     1 |     2 ||    19
 Stab: Sleeping          |     5 |     1 |     3 |     5 |    11 |     6 |     4 |     1 ||    36
       Distracted        |       |       |       |     3 |     7 |    15 |    23 |     1 ||    49
       Petrified         |       |       |       |       |     1 |       |       |       ||     1
       Paralysed         |       |       |       |       |       |     4 |       |       ||     4
       Petrifying        |       |       |       |       |       |       |     1 |       ||     1
  Eat: Chunk             |     4 |     9 |    21 |    38 |    55 |    17 |    60 |     4 ||   208
       Ration            |       |     2 |     3 |     5 |     1 |    11 |       |       ||    22
Armor: Robe              |    21 |    67 |    62 |   161 |   229 |   249 |   358 |    32 ||  1179
       Leather armour    |       |       |    52 |    24 |       |       |       |       ||    76
Dodge: Dodged            |    78 |   155 |   414 |   626 |   857 |  1038 |  1416 |   133 ||  4717
Block: Other             |       |       |       |    94 |   166 |   168 |   205 |    18 ||   651
       Reflection        |       |       |       |     3 |    15 |    15 |    26 |     1 ||    60

Table legend:
 A = Spawn XP
 B = Non-spawn XP
 C = Spawn XP percentage of total XP
 D = Spawn monster count
 E = Non-spawn monster count
 F = Spawn count percentage of total count
 G = Total turns spent on level
                    A         B        C        D         E        F      G
               +---------+---------+-------+---------+---------+-------+---------
         Total |       0 |  630334 |   0.0 |       0 |    1807 |   0.0 | 68933
               +---------+---------+-------+---------+---------+-------+---------
           D:1 |       0 |      52 |   0.0 |       0 |      28 |   0.0 |  1347
           D:2 |       0 |     389 |   0.0 |       0 |      21 |   0.0 |  2504
           D:3 |       0 |    1167 |   0.0 |       0 |      85 |   0.0 |  2949
           D:4 |       0 |     522 |   0.0 |       0 |      28 |   0.0 |  1318
           D:5 |       0 |     488 |   0.0 |       0 |      10 |   0.0 |  1060
           D:6 |       0 |    2075 |   0.0 |       0 |      47 |   0.0 |  2294
           D:7 |       0 |    1858 |   0.0 |       0 |      43 |   0.0 |  2381
           D:8 |       0 |    2726 |   0.0 |       0 |      29 |   0.0 |  1566
           D:9 |       0 |    4033 |   0.0 |       0 |      49 |   0.0 |  2760
          D:10 |       0 |    2076 |   0.0 |       0 |      46 |   0.0 |  2125
          D:11 |       0 |    5109 |   0.0 |       0 |      41 |   0.0 |  1406
          D:12 |       0 |   15093 |   0.0 |       0 |      87 |   0.0 |  2007
          D:13 |       0 |   27862 |   0.0 |       0 |      72 |   0.0 |  2484
          D:14 |       0 |   19512 |   0.0 |       0 |      44 |   0.0 |  1100
          D:15 |       0 |   27753 |   0.0 |       0 |      70 |   0.0 |  1880
        Lair:1 |       0 |    6201 |   0.0 |       0 |      29 |   0.0 |  1250
        Lair:2 |       0 |    7972 |   0.0 |       0 |      31 |   0.0 |  1344
        Lair:3 |       0 |    8731 |   0.0 |       0 |      23 |   0.0 |  1007
        Lair:4 |       0 |    3989 |   0.0 |       0 |      17 |   0.0 |   871
        Lair:5 |       0 |    6393 |   0.0 |       0 |      31 |   0.0 |   761
        Lair:6 |       0 |   19152 |   0.0 |       0 |      52 |   0.0 |  1884
      Shoals:1 |       0 |   18337 |   0.0 |       0 |      35 |   0.0 |  1413
      Shoals:2 |       0 |    8884 |   0.0 |       0 |      21 |   0.0 |  1343
      Shoals:3 |       0 |   20161 |   0.0 |       0 |      36 |   0.0 |  2614
      Shoals:4 |       0 |   44269 |   0.0 |       0 |      76 |   0.0 |  2612
       Snake:1 |       0 |   12099 |   0.0 |       0 |      22 |   0.0 |  1713
       Snake:2 |       0 |   12583 |   0.0 |       0 |      22 |   0.0 |  1311
       Snake:3 |       0 |   29920 |   0.0 |       0 |      47 |   0.0 |  3052
       Snake:4 |       0 |   60062 |   0.0 |       0 |     102 |   0.0 |  3585
         Orc:1 |       0 |    9110 |   0.0 |       0 |      47 |   0.0 |  1553
         Orc:2 |       0 |   11881 |   0.0 |       0 |      74 |   0.0 |  2069
         Elf:1 |       0 |   29778 |   0.0 |       0 |      53 |   0.0 |  1893
      Vaults:1 |       0 |   47348 |   0.0 |       0 |      93 |   0.0 |  1557
      Vaults:2 |       0 |   51669 |   0.0 |       0 |      87 |   0.0 |  1763
      Vaults:3 |       0 |   59632 |   0.0 |       0 |      95 |   0.0 |  2484
      Vaults:4 |       0 |   38367 |   0.0 |       0 |      61 |   0.0 |  1135
           Lab |       0 |    2241 |   0.0 |       0 |      12 |   0.0 |   668
       Ossuary |       0 |     176 |   0.0 |       0 |      16 |   0.0 |   759
         IceCv |       0 |   10664 |   0.0 |       0 |      25 |   0.0 |   990
               +---------+---------+-------+---------+---------+-------+---------
